AoeStats
← dean03110206

Arena

504458993Analyzed
4v4 RM · 26d ago on Sep 5, 2026· 38m 18s· 8 players
Game mode
Random Map
Map size
Large (8 player)
Population
200
Speed
Normal
Resources
Standard
Victory
Conquest
Starting age
Dark Age
Ending age
Imperial Age
RankedLock teamsTeams togetherTeam positionsShared explorationLock speedFull tech treeHidden civsTurbo modeCheats
Victory
Defeat
🇹🇼 Portuguese · Taiwan
1065
+11
🇪🇸 Cumans · Spain
1056
+11
🇵🇪 Poles · Peru
1056
+11
🇹🇼 Celts · Taiwan
1015
+13
🇬🇧 Bulgarians · United Kingdom
971
-12
🇷🇴 Cumans · Romania
956
-12
🇧🇪 Maya · Belgium
940
-11
🇹🇷 Vietnamese · Türkiye
940
-11
dean03110206
0:28 Loom
11:31 Feudal Age
16:54 Castle Age
27:51 Wheelbarrow
27:58 Man-at-Arms
28:53 Horse Collar
29:24 Forging
29:14 Scale Mail Armor
29:20 Double-Bit Axe
30:35 Heavy Plow
30:52 Chain Mail Armor
31:12 Iron Casting
31:32 Hand Cart
30:56 Long Swordsman
31:00 Pikeman
35:00 Imperial Age
33:09 Gambesons
35:03 Fletching
35:04 Capped Ram
35:08 Two-Handed Swordsman
36:46 Plate Mail Armor
37:17 Blast Furnace
37:23 Halberdier
37:34 Siege Ram
DSLG | Shamer
12:30 Feudal Age
11:01 Loom
14:12 Wheelbarrow
13:26 Double-Bit Axe
13:26 Horse Collar
16:57 Scale Barding Armor
17:46 Bloodlines
17:54 Forging
23:49 Castle Age
25:04 Hand Cart
25:00 Husbandry
25:09 Light Cavalry
25:57 Heavy Plow
26:09 Bow Saw
26:42 Chain Barding Armor
26:59 Iron Casting
28:40 Szlachta Privileges
32:30 Imperial Age
33:15 Cavalier
37:55 Conscription
37:26 Winged Hussar
wade2010221
10:17 Feudal Age
12:13 Double-Bit Axe
17:57 Castle Age
16:15 Stone Mining
17:33 Loom
17:55 Gold Mining
22:36 Bow Saw
28:51 Imperial Age
28:42 Wheelbarrow
28:31 Fletching
28:41 Padded Archer Armor
31:01 Chemistry
31:32 Conscription
36:13 Stone Shaft Mining
35:45 Elite Organ Gun
beatchahuan7
2:31 Loom
11:33 Feudal Age
12:22 Double-Bit Axe
15:46 Castle Age
22:47 Gold Mining
23:08 Scale Barding Armor
23:39 Bow Saw
24:48 Wheelbarrow
25:15 Chain Barding Armor
26:14 Horse Collar
27:42 Forging
27:41 Town Watch
28:13 Heavy Plow
29:44 Stone Mining
30:49 Iron Casting
32:17 Hand Cart
33:36 Gold Shaft Mining
35:43 Imperial Age
34:00 Bloodlines
34:49 Fletching
35:27 Town Patrol
35:44 Elite Steppe Lancer
37:02 Plate Barding Armor
37:28 Blast Furnace
37:30 Two-Man Saw
37:11 Crop Rotation
39:00 Conscription
38:52 Steppe Husbandry
ErCoChino
2:24 Loom
5:51 Loom
11:25 Feudal Age
12:46 Wheelbarrow
11:59 Double-Bit Axe
11:56 Horse Collar
18:28 Town Watch
19:14 Scale Mail Armor
20:13 Stone Mining
22:17 Forging
26:44 Castle Age
BagOfRanch
11:41 Feudal Age
18:27 Castle Age
22:41 Forging
22:37 Scale Barding Armor
24:27 Wheelbarrow
25:49 Horse Collar
27:49 Loom
28:44 Bloodlines
33:23 Imperial Age
31:10 Hand Cart
32:31 Iron Casting
33:47 Cavalier
37:20 Blast Furnace
36:41 Chain Barding Armor
Erich von Manstein
10:01 Feudal Age
10:36 Double-Bit Axe
14:10 Loom
15:02 Wheelbarrow
14:31 Horse Collar
18:38 Castle Age
18:06 Fletching
18:17 Padded Archer Armor
22:40 Forging
22:30 Scale Mail Armor
26:14 Stone Mining
26:15 Gold Mining
31:39 Bow Saw
Avdp
0:34 Loom
12:57 Feudal Age
13:30 Double-Bit Axe
13:28 Horse Collar
21:09 Castle Age
19:59 Scale Mail Armor
20:10 Forging
24:31 Wheelbarrow
Connection lost

Rejoining the realm…

Still unreachable

The connection could not be restored.

Session expired

The server has moved on; the page needs a fresh start.